 Dungeon Crawl Stone Soup version 0.27.0-66-gdc8fb28755 (webtiles) character file.

Game seed: 3978919301128757495

44 horus123 the Ducker (level 3, -2/21 HPs)
             Began as a Deep Elf Gladiator on Aug 19, 2021.
             Was an Initiate of Ru.
             Succumbed to a water moccasin's poison
             ... on level 3 of the Dungeon.
             The game lasted 00:04:59 (1928 turns).

horus123 the Ducker (Deep Elf Gladiator)            Turns: 1928, Time: 00:05:00

Health: -2/21      AC:  5    Str:  9    XL:     3   Next: 41%
Magic:  5/5        EV: 13    Int: 12    God:    Ru [......]
Gold:   146        SH:  0    Dex: 17    Spells: 2/2 levels left

rFire    . . .     SeeInvis .   a - +0 long sword
rCold    . . .     Faith    .   (no shield)
rNeg     . . .     Spirit   .   b - +0 leather armour
rPois    .         Reflect  .   c - +1 helmet
rElec    .         Harm     .   (no cloak)
rCorr    .         Rampage  .   (no gloves)
Will     .....                  (no boots)
Stlth    +.........             h - amulet of regeneration
HPRegen  1.07/turn              (no ring)
MPRegen  0.09/turn              (no ring)

@: lethally poisoned (-2 -> -19)
A: weak 1
a: Renounce Religion


You were on level 3 of the Dungeon.
You worshipped Ru.
Ru was noncommittal.
You visited 1 branch of the dungeon, and saw 3 of its levels.

You collected 146 gold pieces.

Inventory:

Hand Weapons
 a - a +0 long sword (weapon)
Missiles
 d - a throwing net (quivered)
 f - 7 boomerangs
Armour
 b - a +0 leather armour (worn)
 c - a +1 helmet (worn)
Jewellery
 h - an amulet of regeneration (around neck)
Potions
 j - a potion of brilliance
 k - a potion of haste {unknown}


   Skills:
 * Level 2.0 Fighting
 + Level 3.3 Long Blades
 + Level 2.3 Throwing
 + Level 0.4 Armour
 * Level 3.9 Dodging
 + Level 0.2 Stealth


You had 2 spell levels left.
You didn't know any spells.
Your spell library was empty.

Dungeon Overview and Level Annotations

Branches:
Dungeon (3/15)

Altars:
Ru


Innate Abilities, Weirdness & Mutations

You are weak. (Str -2)


Message History

The water moccasin struggles against the net.
The net rips apart, and the water moccasin comes free!
The rat struggles against the net.
You hit the water moccasin.
The water moccasin is heavily wounded.
You feel sick. The water moccasin bites you.
The water moccasin bites you but does no damage.
The rat struggles against the net.
You hit the water moccasin but do no damage.
The water moccasin is heavily wounded.
You feel sick. The water moccasin bites you.
The rat twitches its whiskers.
The rat struggles against the net.
The net rips apart, and the rat comes free!
The water moccasin bites you but does no damage.
You closely miss the water moccasin.
The water moccasin is heavily wounded.
You feel sick.
You are no longer poisoned.
The water moccasin bites you.
You are poisoned.
The water moccasin poisons you! The rat bites you but does no damage.
The water moccasin closely misses you.
You feel much better.
You feel very sick. The water moccasin bites you.
You are more poisoned.
The water moccasin poisons you! The rat bites you but does no damage.
You closely miss the water moccasin.
The water moccasin is heavily wounded.
You feel very sick. The water moccasin bites you!
* * * LOW HITPOINT WARNING * * *
You are more poisoned.
The water moccasin poisons you! The rat bites you.
* * * LOW HITPOINT WARNING * * *
The water moccasin closely misses you.
You miss the water moccasin.
The water moccasin is heavily wounded.
You die...

#..!........#
#...........#
#...........+
#...........#
#...........##.
#...........P....
...............
#.rS........
#..@.......#
#......#...# #
#......#..# .##
#......#..##..##.
.....#..............
........##.....##.###
..########...........
# #....#.#..##
#..#.#.# .#


You could see a water moccasin and a rat.

Vanquished Creatures
  A worm (D:2)
  A dart slug (D:1)
  7 bats
  2 endoplasms (D:1)
  4 goblins
  5 hobgoblins
  4 jackals (D:2)
  A quokka (D:1)
  2 ball pythons (D:1)
  A ball python skeleton (D:3)
  A frilled lizard (D:1)
  4 kobolds
  3 rats
36 creatures vanquished.

Notes
Turn   | Place    | Note
-------+----------+-------------------------------------------
     0 | D:1      | horus123 the Deep Elf Gladiator began the quest for the
                  | Orb.
     0 | D:1      | Reached XP level 1. HP: 12/12 MP: 3/3
    78 | D:1      | You fall into a shaft and drop 1 floor!
    78 | D:2      | Found a sacrificial altar of Ru.
   101 | D:2      | Became a worshipper of Ru the Awakened
   355 | D:2      | Reached XP level 2. HP: 17/17 MP: 4/4
   794 | D:1      | Found a faded altar of an unknown god.
   947 | D:1      | Reached XP level 3. HP: 18/21 MP: 5/5
  1186 | D:1      | Gained mutation: You are weak. (Str -2) [Ru sacrifice]
  1854 | D:3      | Noticed a water moccasin
  1928 | D:3      | Succumbed to a water moccasin's poison

Illustrated notes

Levels and vault maps discovered:
D:1:      nzn_arrival_depleted_hourglass, layout_rooms,
          hellmonk_ecumenical_altar_lost_god
D:2:      layout_basic, basic_altar, roderic_serpentine_path
D:3:      layout_basic, mainiacjoe_overflow_alcove_4, amcnicky_altar_gilded,
          serial_undead, serial_undead_e, serial_undead_d, serial_undead_a,
          serial_undead_c

Skill      XL: |  1  2  3 |
---------------+----------+-----
Long Blades    | 3 |  3.3
Fighting       | 2 |  2.0
Throwing       | |  2.3
Armour         | |  0.4
Dodging        | |  3.9
Stealth        | |  0.2

Action                   || total
-------------------------++-------
Melee: Long sword        ||   100
Throw: Boomerang         ||     5
       Throwing net      ||     2
Invok: Sacrifice Purity  ||     1
  Use: Scroll            ||     5
       Potion            ||     3
 Stab: Sleeping          ||     5
       Held in net/web   ||     1
Armor: Leather armour    ||    32
Dodge: Dodged            ||    88
       Rpst.: Long sword ||    22
